 Dungeon Crawl Stone Soup version 0.31-a0-986-g5e6e4ef867 (webtiles) character file.

Game seed: 14557612038180325700

1371 LeprechaunX the Changeling (level 8, -13/54 HPs)
             Began as an Octopode Shapeshifter on Nov 21, 2023.
             Was an Initiate of Hepliaklqana.
             Killed from afar by Dowan (26 damage)
             ... with a shard of ice
             ... on level 5 of the Dungeon.
             The game lasted 00:07:39 (5534 turns).

LeprechaunX the Changeling (Octopode Shapeshifter)  Turns: 5534, Time: 00:07:39

Health: -13/54     AC:  1    Str: 13    XL:     8   Next: 65%
Magic:  8/8        EV: 12    Int: 13    God:    Hepliaklqana [......]
Gold:   220        SH:  4    Dex: 13    Spells: 7/7 levels left

rFire   + +          .
                       - Unarmed
rCold   x x .        w - +0 buckler
rNeg    . . .        (helmet currently unavailable)
rPois   .            (no amulet)
rElec   .            v - ring of fire
rCorr   .            x - ring of fire
SInv    .            (no ring)
Will    .....        (no ring)
Stlth   ++           (no ring)
HPRegen 0.29/turn    (no ring)
MPRegen 0.11/turn    (no ring)
                     (no ring)

%: no passive effects
@: beast-form
A: beast (slay +4), almost no armour, amphibious, 8 rings, camouflage 1,
gelatinous body 1, (nimble swimmer 1), tentacles
a: Begin Untransformation, Renounce Religion


You were on level 5 of the Dungeon.
You worshipped Hepliaklqana.
Hepliaklqana was noncommittal.
You were a hulking beast.
You visited 2 branches of the dungeon, and saw 6 of its levels.
You also visited: Sewer.

You collected 248 gold pieces.
You spent 28 gold pieces at shops.

Inventory:

Hand Weapons
 a - a +0 shortbow
Armour
 w - a +0 buckler (worn)
Jewellery
 v - a ring of fire (left tentacle)
 x - a ring of fire (right tentacle)
Talismans
 b - a beast talisman
 c - a flux talisman
 f - a maw talisman
Wands
 B - a wand of flame (23)
Scrolls
 e - a scroll of torment {unknown}
 h - a scroll of teleportation
 i - 3 scrolls of enchant armour {unknown}
 k - 5 scrolls of fear
 l - 4 scrolls of enchant weapon
 m - 2 scrolls of immolation {unknown}
 p - 2 scrolls of revelation {unknown}
 r - 5 scrolls of brand weapon {unknown}
 y - a scroll of noise {unknown}
 z - a scroll of summoning {unknown}
 C - a scroll of silence {unknown}
Potions
 d - a potion of curing
 g - 4 potions of heal wounds {unknown}
 j - 2 potions of magic {unknown}
 o - a potion of haste {unknown}
 q - 2 potions of might {unknown}
 s - 2 potions of brilliance {unknown}
 t - 2 potions of mutation {unknown}
 u - a potion of invisibility {unknown}
 A - a potion of lignification


   Skills:
 + Level 4.8 Fighting
 - Level 3.0 Throwing
 - Level 2.0 Dodging
 + Level 5.6 Unarmed Combat
 * Level 7.1 Shapeshifting


You had 7 spell levels left.
You didn't know any spells.
Your spell library contained the following spells:

 Spells                   Type           Power      Damage    Failure   Level
 Summon Small Mammal      Summ           0%         N/A       41%         1
 Call Canine Familiar     Summ           0%         N/A       78%         3
 Summon Guardian Golem    Hex/Summ       0%         N/A       78%         3


Dungeon Overview and Level Annotations

Branches:
Dungeon (5/15)             Temple (1/1) D:4           Sewer (visited)

Altars:
Ashenzari
Cheibriados
Dithmenos
Elyvilon
Fedhas
Hepliaklqana
Kikubaaqudgha
Makhleb
Nemelex Xobeh
Okawaru
Ru
Trog
Uskayaw
Vehumet
Wu Jian
Xom
Yredelemnul
Zin
The Shining One

Shops:
D:1 [!   D:2 [?

Annotations:
D:5 Dowan


Innate Abilities, Weirdness & Mutations

You are a hulking beast.
Your limbs bulge with bestial killing power. (Slay +4)
You cannot wear most types of armour.
You are amphibious.
You can wear up to eight rings at the same time.
Your skin changes colour to match your surroundings (Stealth+).
Your rubbery body absorbs attacks. (AC +1, EV +1)
((You are camouflaged when in or above water. (Stealth+)))
You have tentacles for arms and can constrict up to eight enemies at once.


Message History

You constrict Duvessa, but do no damage.
Duvessa hits you with a +1 rapier of venom!
You are poisoned.
You bludgeon Duvessa! You squeeze Duvessa, but do no damage.
Duvessa is almost dead.
You constrict Duvessa, but do no damage.
You feel very sick.
Duvessa hits you with a +1 rapier of venom.
You bludgeon Duvessa!
You kill Duvessa!
Dowan screams, "No!
No!"
Dowan seems to find hidden reserves of power!
You feel very sick.
Your Shapeshifting skill increases to level 7!
You feel sick. Dowan hits you with a +0 dagger.
Items here: ) / [ †.
You tentacle-slap Dowan. Your grab misses Dowan. Your squeeze misses Dowan.
Dowan is lightly wounded.
You feel sick.
Dowan says, "Her death will not be in vain!"
Dowan hits you with a +0 dagger.
Dowan gestures wildly while chanting.
Dowan blinks!
You feel sick.
You feel sick.
You start resting.
You feel sick.
Dowan is nearby!
You feel sick.
Dowan points at you and mumbles some strange words.
The stone arrow hits you!
* * * LOW HITPOINT WARNING * * *
You feel better.
Okay, then.
Okay, then.
You tentacle-slap Dowan. You grab Dowan. You squeeze Dowan.
Dowan is heavily wounded.
You constrict Dowan, but do no damage. Dowan gestures at you while chanting.
The shard of ice hits you!!
You feel a painful chill!
You die...

. #.#####........ ..
####.##..>........ ...
..#.##.##........ ....
#.#..)....####...
.....##.#......## #...
#.(().......# #...
####.#......# #...
#.#####e#...e..# #...
#.....h.#.#############
#########.#.>.....#
#.#.#####.##
..#.#......####
###.#.......##.
#.#........#.
#.##.........
#............
##........#..


You could see Dowan (fast).

Vanquished Creatures
  Duvessa (D:5)
  An ice beast (D:5)
  A centaur (D:5)
  A phantom (D:4)
  A kobold brigand (Sewer)
  4 scorpions
  2 orc priests (D:4)
  3 hounds
  A gnoll bouda (D:5)
  A jelly (D:4)
  A sleepcap (D:5)
  4 iguanas (D:5)
  2 orc wizards (D:4)
  Ijyb (D:5)
  4 gnolls (D:5)
  6 river rats
  6 adders
  2 ufetubi (D:5)
  3 worms
  A dart slug (D:2)
  13 orcs
  11 ball pythons
  9 bats
  12 endoplasms
  5 giant cockroaches
  15 goblins
  6 hobgoblins
  4 jackals
  3 quokkas
  9 frilled lizards
  13 kobolds
  9 rats
155 creatures vanquished.

Notes
Turn   | Place    | Note
-------+----------+-------------------------------------------
     0 | D:1      | LeprechaunX the Octopode Shapeshifter began the quest for
                  | the Orb.
     0 | D:1      | Reached XP level 1. HP: 13/13 MP: 1/1
    12 | D:1      | Found Cedojas's Armour Boutique.
   212 | D:1      | Reached XP level 2. HP: 18/18 MP: 2/2
   237 | D:1      | Found Qaloclah's Distillery.
   295 | D:1      | Reached XP level 3. HP: 14/23 MP: 3/3
   391 | D:1      | Found a faded altar of an unknown god.
   676 | D:2      | Found Ryirum's Armour Emporium.
   699 | D:2      | Found Ygenwot's Magic Scroll Shop.
   721 | D:2      | Bought a scroll of identify for 28 gold pieces
   852 | D:2      | Reached XP level 4. HP: 29/29 MP: 4/4
  1334 | D:2      | Reached skill level 4 in Shapeshifting
  1725 | D:3      | Reached XP level 5. HP: 30/34 MP: 5/5
  1921 | D:3      | Found a glowing drain.
  1948 | D:3      | Reached skill level 1 in Throwing
  1963 | Sewer    | Entered a sewer
  2315 | Sewer    | Noticed a kobold brigand
  2324 | Sewer    | Killed a kobold brigand
  2325 | Sewer    | Reached XP level 6. HP: 20/41 MP: 6/6
  3378 | D:4      | Reached skill level 5 in Shapeshifting
  3614 | D:4      | Reached XP level 7. HP: 43/46 MP: 7/7
  4322 | D:4      | Found a staircase to the Ecumenical Temple.
  4410 | Temple   | Entered the Ecumenical Temple
  4416 | Temple   | Became a worshipper of Hepliaklqana the Forgotten
  4484 | D:5      | Entered Level 5 of the Dungeon
  4573 | D:5      | Reached skill level 6 in Shapeshifting
  4609 | D:5      | Reached skill level 5 in Unarmed Combat
  4609 | D:5      | Reached XP level 8. HP: 38/54 MP: 8/8
  5074 | D:5      | Found a white marble altar of Elyvilon.
  5315 | D:5      | Noticed Ijyb
  5327 | D:5      | Killed Ijyb
  5516 | D:5      | Noticed Duvessa
  5517 | D:5      | Noticed Dowan
  5526 | D:5      | Killed Duvessa
  5527 | D:5      | Reached skill level 7 in Shapeshifting
  5534 | D:5      | Killed from afar by Dowan

Illustrated notes

Levels and vault maps discovered:
D:1:      wander_arrival_peaceful_grave, layout_loops_cross, serial_shops,
          shop_statue, nicolae_shop_stone,
          hellmonk_ecumenical_altar_slurped_away
D:2:      layout_loops_ring, serial_shops, shop, shop, st_stairs_3
D:3:      kb_forest_paths, layout_basic, portal_sewer_entry_b
D:4:      layout_rooms, minmay_temple_entry_gardened_gates
D:5:      layout_loops_cross, kennysheep_mini_moat, uniq_duvessa, uniq_ijyb
Temple:   eino_narrow_crystal_temple

Skill      XL: |  1  2  3  4  5  6  7  8 |
---------------+-------------------------+-----
Fighting       | 2 3 4 |  4.8
Shapeshifting  | 4 5 6 7 |  7.1
Throwing       | 1 2 3 |  3.0
Unarmed Combat | 4 5 |  5.6
Dodging        | |  2.0

Action                     |  1- 3 |  4- 6 |  7- 9 || total
---------------------------+-------+-------+-------++-------
  Melee: Unarmed           |    72 |   164 |   124 ||   360
         Constrict         |    17 |    41 |    24 ||    82
         Tentacles         |    15 |    34 |    32 ||    81
         Punch             |     1 |     6 |     5 ||    12
  Throw: Dart              |       |       |     5 ||     5
    Use: Scroll            |     2 |     3 |       ||     5
         Potion            |       |       |     1 ||     1
   Stab: Sleeping          |     9 |    11 |     5 ||    25
         Distracted        |     1 |       |       ||     1
 Armour: Skin              |    24 |    62 |    60 ||   146
  Dodge: Dodged            |    31 |    72 |    48 ||   151
  Block: Buckler           |       |       |    21 ||    21

Table legend: (Time is in decaauts)
 A = Elapsed time spent in this place.
 B = Non-inter-level travel time spent in this place.
 C = Inter-level travel time spent in this place.
 D = Time resting spent in this place.
 E = Time spent auto-exploring this place.
 F = Levels seen in this place.
 G = Mean time per level.
                   A        B        C        D        E       F      G
               +--------+--------+--------+--------+--------+-----+--------+
         Total |   5507 |   5066 |    441 |    642 |   3356 |   7 |  786.7 |
       Dungeon |   4593 |   4162 |    431 |    520 |   2861 |   5 |  918.6 |
        Temple |     12 |      2 |     10 |      0 |      0 |   1 |   12.0 |
         Sewer |    901 |    901 |      0 |    122 |    495 |   1 |  901.0 |
               +--------+--------+--------+--------+--------+-----+--------+

Top non-repeatable levels by time:
     D:4: 1147 daAuts
     D:5: 1045 daAuts
   Sewer: 901 daAuts
     D:3: 901 daAuts
     D:2: 826 daAuts
     D:1: 672 daAuts
  Temple: 12 daAuts
